 Dungeon Crawl Stone Soup version 0.18-a0-1347-gb9e2fb4 (webtiles) character file.

149 Oddball22 the Slasher (level 5, -3/36 HPs)
             Began as a High Elf Skald on Feb 17, 2016.
             Killed by nerve-wracking pain
             ... invoked by an orc priest
              (10 damage)
             ... on level 3 of the Dungeon.
             The game lasted 00:03:47 (2202 turns).

Oddball22 the Slasher (High Elf Skald)              Turns: 2202, Time: 00:03:47

Health: -3/36      AC:  3    Str: 11    XL:     5   Next: 9%
Magic:  6/9        EV: 13    Int: 16    God:
Gold:   83         SH:  0    Dex: 15    Spells: 3 memorised, 3 levels left

rFire  . . .     SeeInvis .     a - +0 falchion
rCold  . . .     Gourm    .     b - +0 leather armour
rNeg   . . .     Faith    .     (no shield)
rPois  .         Spirit   .     (no helmet)
rElec  .         Dismiss  .     (no cloak)
rCorr  .         Reflect  .     (no gloves)
SustAt .         Harm     .     (no boots)
MR     .....                    (no amulet)
Stlth  +.........               (no ring)
                                (no ring)

@: singing, not resistant to hostile enchantments, very unstealthy
A: no striking features
a: Stop Singing


You were on level 3 of the Dungeon.
You were hungry.

You visited 1 branch of the dungeon, and saw 3 of its levels.

You collected 83 gold pieces.

Inventory:

Hand Weapons
 a - a +0 falchion (weapon)
Armour
 b - a +0 leather armour (worn)
Scrolls
 g - 3 scrolls of identify {unknown}
 h - a scroll of remove curse {unknown}
 i - 2 scrolls of teleportation {unknown}
 j - a scroll of fog {unknown}
 k - a scroll of fear {unknown}
 p - a scroll of recharging {unknown}
 q - a scroll of enchant weapon {unknown}
Potions
 e - a potion of berserk rage {unknown}
 l - a potion of curing {unknown}
 m - a potion of brilliance {unknown}
 n - a potion of agility {unknown}
Books
 c - a book of Battle

   Spells                             Type                      Level
   a - Infusion                       Charms                       1
   b - Shroud of Golubria             Charms/Translocation         2
   c - Song of Slaying                Charms                       2
   d - Spectral Weapon                Hexes/Charms                 3
   e - Regeneration                   Charms/Necromancy            3
Comestibles
 d - a bread ration
 o - a royal jelly


   Skills:
 + Level 3.0 Fighting
 * Level 4.8 Long Blades
 - Level 0.8 Armour
 + Level 3.0 Dodging
 - Level 2.4 Spellcasting
 - Level 3.6 Charms


You had 3 spell levels left.
You knew the following spells:

 Your Spells              Type           Power        Failure   Level  Hunger
a - Infusion              Chrm           ##..         8%          1    #......
b - Song of Slaying       Chrm           ##......     12%         2    ###....
c - Shroud of Golubria    Chrm/Tloc      #.........   21%         2    ###....


Dungeon Overview and Level Annotations

Branches:
Dungeon (3/15)

Altars:
Yredelemnul


Message History

Pain shoots through your body!
Items here: )) [ † a whip; a mace; a chain mail; an orc corpse You barely miss the orc priest.
The orc priest hits you but does no damage.
You closely miss the orc priest.
You are feeling hungry.
The orc priest hits you with a trident.
You hit the orc priest.
The orc priest is moderately wounded.
The orc priest closely misses you.
You barely miss the orc priest.
The orc priest is moderately wounded.
The orc priest hits you with a trident!
* * * LOW HITPOINT WARNING * * *
You completely miss the orc priest.
The orc priest is moderately wounded.
The orc priest mumbles some strange prayers to Beogh against you.
Pain shoots through your body!
You die...

#..........# #
#..........# #
#####......)...#######
####...'..........'.....'
#......#..........#######
#......#..........# #
#......############# #
#......#####.......#
#...>...@o.'.......+
####+####..##......#
#..##......# #++##..o...#
#......# #.....o#
......... ####..... .....


You could see an orc priest.

Vanquished Creatures
  An orc priest (D:3)
  4 adders
  2 oozes
  3 giant geckos
  7 orcs (D:3)
  4 giant cockroaches
  9 goblins
  3 hobgoblins
  5 jackals
  5 kobolds
  3 quokkas
  9 bats
  3 giant newts (D:1)
  5 rats
63 creatures vanquished.

Notes
Turn   | Place    | Note
--------------------------------------------------------------
     0 | D:1      | Oddball22 the High Elf Skald began the quest for the Orb.
     0 | D:1      | Reached XP level 1. HP: 14/14 MP: 4/4
   159 | D:1      | Reached XP level 2. HP: 19/19 MP: 6/6
   830 | D:1      | Reached XP level 3. HP: 16/24 MP: 7/7
   933 | D:1      | Learned a level 2 spell: Song of Slaying
   936 | D:1      | Learned a level 2 spell: Shroud of Golubria
  1412 | D:2      | Reached skill level 4 in Long Blades
  1547 | D:2      | Reached XP level 4. HP: 25/30 MP: 0/8
  1887 | D:3      | Found a basalt altar of Yredelemnul.
  1910 | D:3      | Reached XP level 5. HP: 15/36 MP: 0/9
  2202 | D:3      | Killed from afar by an orc priest

Vault maps used:
D:1:      lightli_arrival_flooded_house
D:2:      forest_paths
D:3:      grunt_temple_overflow_gold_and_silver, gammafunk_temple_overflow_wave,
          yredelemnul_altar_generic, first_bread, guppyfry_early_lair_pool

Action                   |  1- 3 |  4- 6 || total
-------------------------+-------+-------++-------
Melee: Falchion          |   107 |    60 ||   167
 Cast: Infusion          |     4 |     2 ||     6
       Song of Slaying   |     1 |     2 ||     3
  Eat: Chunk             |     2 |     2 ||     4
